 Dungeon Crawl Stone Soup version 0.29-a0-598-gd8304a5bf4 (webtiles) character file.

Game seed: 4067758247495246274

269 vulpzor the Chopper (level 6, -3/56 HPs)
             Began as a Minotaur Monk on June 16, 2022.
             Was a Priest of the Shining One.
             Killed by divine providence
             ... invoked by an orc priest
              (14 damage)
             ... on level 3 of the Dungeon.
             The game lasted 00:06:52 (2682 turns).

vulpzor the Chopper (Minotaur Monk)                 Turns: 2682, Time: 00:06:53

Health: -3/56      AC:  9    Str: 15    XL:     6   Next: 1%
Magic:  5/5        EV: 11    Int:  7    God:    the Shining One [***...]
Gold:   102        SH:  0    Dex: 15    Spells: 5/5 levels left

rFire   . . .      SeeInvis +   a - +1 hand axe
rCold   . . .      Faith    .   (no shield)
rNeg    + . .      Spirit   .   u - +0 scale mail
rPois   .          Reflect  .   (helmet restricted)
rElec   .          Harm     .   (no cloak)
rCorr   .          Rampage  .   n - +2 pair of gloves
Will    .....                   (no boots)
Stlth   +.........              (no amulet)
HPRegen 0.18/turn               r - ring of flight
MPRegen 0.09/turn               w - ring of see invisible

@: brilliant, flying, glowing
A: horns 2, retaliatory headbutt
a: Renounce Religion, Divine Shield, Cleansing Flame


You were on level 3 of the Dungeon.
You worshipped the Shining One.
The Shining One was most pleased with you.
You visited 1 branch of the dungeon, and saw 3 of its levels.

You collected 102 gold pieces.

Inventory:

Hand Weapons
 a - a +1 hand axe (weapon)
 f - a +3 hand axe of draining
 j - a +2 dagger of electrocution
Armour
 b - a +0 robe
 l - a +0 ring mail
 n - a +2 pair of gloves (worn)
 s - a +0 chain mail
 u - a +0 scale mail (worn)
Jewellery
 r - a ring of flight (left hand)
 w - a ring of see invisible (right hand)
Wands
 o - a wand of paralysis (9)
Scrolls
 d - 2 scrolls of amnesia {unknown}
 e - 5 scrolls of identify {unknown}
 k - 2 scrolls of vulnerability {unknown}
 q - a scroll of enchant armour {unknown}
 t - a scroll of blinking {unknown}
 v - a scroll of teleportation {unknown}
 x - a scroll of noise {unknown}
Potions
 c - a potion of ambrosia
 g - 2 potions of brilliance
 h - a potion of heal wounds {unknown}
 i - a potion of curing {unknown}
 m - a potion of berserk rage {unknown}
 p - a potion of flight


   Skills:
 + Level 5.1 Fighting
 + Level 5.1 Axes
 + Level 4.7 Dodging
 + Level 3.0 Stealth


You had 5 spell levels left.
You didn't know any spells.
Your spell library contained the following spells:

 Spells                   Type           Power      Damage    Failure   Level
 Sandblast                Erth           0%         2d4       89%         1
 Passwall                 Tmut/Erth      0%         N/A       96%         2
 Gell's Gravitas          Tloc           0%         N/A       99%         3
 Stone Arrow              Conj/Erth      0%         3d7       99%         3
 Teleport Other           Tloc           0%         N/A       99%         3
 Dispersal                Tloc           0%         N/A       100%        6


Dungeon Overview and Level Annotations

Branches:
Dungeon (3/15)

Altars:
The Shining One


Innate Abilities, Weirdness & Mutations

You have a pair of horns on your head.
You reflexively headbutt those who attack you in melee.


Message History

You kill the orc!
The orc hits you but does no damage.
The orc wizard points at you and mumbles some strange words.
The magic dart hits you but does no damage.
The orc priest invokes the aid of Beogh against you.
Beogh smites you! The gnoll barely misses you. The gnoll closely misses you.
You are too injured to fight recklessly!
It was a potion of brilliance.
You feel clever all of a sudden. The orc hits you but does no damage.
The orc wizard closely misses you. The orc misses you.
The gnoll hits you from afar with a +0 halberd.
The gnoll barely misses you.
It was a potion of flight.
You feel more buoyant. The orc misses you.
The orc wizard hits you but does no damage.
The orc priest barely misses you. You furiously retaliate!
You headbutt the orc priest, but do no damage.
The gnoll hits you but does no damage.
The gnoll hits you from afar with a +0 spear.
The orc hits you but does no damage.
The orc wizard gestures at you while chanting.
The puff of flame misses you. The orc closely misses you.
The gnoll closely misses you. The orc attacks as you move away!
The orc hits you but does no damage.
You are engulfed in a cloud of scalding steam.
* * * LOW HITPOINT WARNING * * *
The orc wizard gestures wildly while chanting.
The orc wizard flickers and vanishes for a moment.
You are engulfed in a cloud of scalding steam.
You are engulfed in a cloud of scalding steam.
* * * LOW HITPOINT WARNING * * *
The orc hits you but does no damage.
The orc priest invokes the aid of Beogh against you.
Pain shoots through your body!
* * * LOW HITPOINT WARNING * * *
The orc priest mumbles some strange prayers to Beogh against you.
Beogh smites you!
You die...

##########....## ... #.#
#...## .[.
###..#########...####...
........................
...................(....
.≈.≈≈≈≈.≈...go≈...K†....
≈≈≈≈≈≈≈≈o≈≈≈gog≈g≈≈g.)..
≈≈≈≈≈≈≈≈≈≈≈≈≈≈≈≈≈≈≈≈....
≈≈≈≈≈≈≈@≈≈≈≈≈≈≈≈≈≈≈..)..
#####################''#
... K.. ... ... ...


You could see an orc priest, an orc wizard (invisible), 3 gnolls and an orc
(fast).

Vanquished Creatures
  A water moccasin (D:3)
  2 orc wizards (D:3)
  3 adders
  3 worms (D:2)
  4 dart slugs
  6 orcs
  6 bats
  6 endoplasms
  2 giant cockroaches
  7 goblins
  6 hobgoblins
  2 jackals (D:1)
  10 kobolds
  A quokka (D:1)
  3 ball pythons (D:1)
  4 frilled lizards
  8 rats
74 creatures vanquished.

Vanquished Creatures (others)
  4 plants (D:3)
4 creatures vanquished.

Grand Total: 78 creatures vanquished

Notes
Turn   | Place    | Note
-------+----------+-------------------------------------------
     0 | D:1      | vulpzor the Minotaur Monk began the quest for the Orb.
     0 | D:1      | Reached XP level 1. HP: 19/19 MP: 0/0
   289 | D:1      | Reached XP level 2. HP: 27/27 MP: 1/1
   560 | D:1      | Reached XP level 3. HP: 32/33 MP: 2/2
  1369 | D:2      | Found a faded altar of an unknown god.
  1700 | D:2      | Reached XP level 4. HP: 36/40 MP: 3/3
  1863 | D:2      | Prayed at the altar of an unknown god.
  1863 | D:2      | Became a worshipper of the Shining One
  1863 | D:2      | Reached * piety under the Shining One
  1863 | D:2      | Reached ** piety under the Shining One
  2448 | D:3      | Reached XP level 5. HP: 39/47 MP: 4/4
  2648 | D:3      | Noticed a water moccasin
  2654 | D:3      | Killed a water moccasin
  2655 | D:3      | Reached skill level 5 in Fighting
  2655 | D:3      | Reached skill level 5 in Axes
  2656 | D:3      | Reached *** piety under the Shining One
  2661 | D:3      | Reached XP level 6. HP: 44/56 MP: 5/5
  2682 | D:3      | Killed from afar by an orc priest

Illustrated notes

Levels and vault maps discovered:
D:1:      sevenhm_arrival_forest_fort_small_4, layout_loops_ring,
          minmay_misc_feat_chi
D:2:      layout_loops_corners, hellmonk_ecumenical_altar_arch_garden,
          minmay_quantized
D:3:      minmay_goblin_kobold_castle, layout_loops_cross, serial_bayou,
          serial_bayou_pond_b, serial_bayou_shore_b, serial_bayou_lagoon_a,
          chequers_serial_rivers_micro_a, minmay_pentangle

Skill      XL: |  1  2  3  4  5 |
---------------+----------------+-----
Stealth        | 2 3 |  3.0
Fighting       | 4 5 |  5.1
Axes           | 4 5 |  5.1
Dodging        | 4 |  4.7

Action                   |  1- 3 |  4- 6 || total
-------------------------+-------+-------++-------
Melee: Hand axe          |    78 |    65 ||   143
       Headbutt          |     6 |    13 ||    19
  Use: Scroll            |     2 |       ||     2
       Potion            |       |     2 ||     2
 Stab: Sleeping          |     3 |       ||     3
       Distracted        |     1 |       ||     1
Armor: Robe              |     7 |       ||     7
       Ring mail         |     7 |     4 ||    11
       Scale mail        |       |    37 ||    37
Dodge: Dodged            |    36 |    51 ||    87

Table legend: (Time is in decaauts)
 A = Elapsed time spent in this place.
 B = Non-inter-level travel time spent in this place.
 C = Inter-level travel time spent in this place.
 D = Time resting spent in this place.
 E = Time spent auto-exploring this place.
 F = Levels seen in this place.
 G = Mean time per level.
                   A        B        C        D        E       F      G
               +--------+--------+--------+--------+--------+-----+--------+
         Total |   2692 |   2692 |      0 |      0 |   2098 |   3 |  897.3 |
       Dungeon |   2692 |   2692 |      0 |      0 |   2098 |   3 |  897.3 |
               +--------+--------+--------+--------+--------+-----+--------+

Top non-repeatable levels by time:
     D:2: 1210 daAuts
     D:1: 1077 daAuts
     D:3: 403 daAuts
